 Dungeon Crawl Stone Soup version 0.19.4-9-g45fd643 (webtiles) character file.

2217 Gargoyl the Chopper (level 9, -3/75 HPs)
             Began as a Ghoul Abyssal Knight on Feb 18, 2017.
             Was an Elder of Lugonu.
             Slain by Eustachio
             ... wielding a +1 rapier of electrocution
              (20 damage)
             ... on level 6 of the Dungeon.
             The game lasted 00:13:59 (6255 turns).

Gargoyl the Chopper (Ghoul Abyssal Knight)          Turns: 6255, Time: 00:13:59

Health: -3/75      AC: 18    Str: 16      XL:     9   Next: 35%
Magic:  11/11      EV:  7    Int:  7      God:    Lugonu [****..]
Gold:   280        SH:  4    Dex:  9 (11) Spells: 0 memorised, 8 levels left

rFire  . . .     SeeInvis .     a - +2 hand axe
rCold  + . .     Gourm    .     f - +2 chain mail {rPois}
rNeg   + + +     Faith    .     j - +0 buckler
rPois  ∞         Spirit   .     i - +1 helmet
rElec  .         Reflect  .     n - +1 cloak
rCorr  .         Harm     .     (no gloves)
MR     .....                    v - +0 pair of boots
Stlth  ..........               (no amulet)
                                (no ring)
                                (no ring)

@: rotting
A: rotting body, claws 1, carnivore 3, cold resistance 1, negative energy
resistance 3, slow regeneration 1, torment resistance, unbreathing
a: Depart the Abyss, Bend Space, Banish, Corrupt, Renounce Religion


You were on level 6 of the Dungeon.
You worshipped Lugonu.
Lugonu was greatly pleased with you.
You were not hungry.

You visited 1 branch of the dungeon, and saw 6 of its levels.
You visited the Abyss 1 time.
You also visited: Sewer.

You collected 280 gold pieces.

Inventory:

Hand Weapons
 a - a +2 hand axe (weapon)
Armour
 f - a +2 chain mail of poison resistance (worn)
 i - a +1 helmet (worn)
 j - a +0 buckler (worn)
 n - a +1 cloak (worn)
 v - a +0 pair of boots (worn)
Wands
 b - a wand of slowing (27/48)
 p - a wand of disintegration (23/24)
Scrolls
 e - 6 scrolls of remove curse
 g - 6 scrolls of identify
 k - 2 scrolls of magic mapping
 m - 4 scrolls of teleportation
 t - a scroll of fear
 u - 3 scrolls of enchant weapon
Potions
 d - a potion of resistance {unknown}
 l - 2 potions of agility {unknown}
 o - 2 potions of curing {unknown}
 q - a potion of mutation {unknown}
 r - a potion of brilliance {unknown}
 w - a potion of haste
Comestibles
 c - 4 meat rations
 h - 3 slices of pizza
 s - 8 chunks of flesh


   Skills:
 + Level 5.8 Fighting
 + Level 6.6 Axes
 * Level 6.3 Armour
 + Level 2.1 Dodging
 + Level 2.2 Shields
 * Level 5.1 Invocations


You had 8 spell levels left.
You didn't know any spells.

Dungeon Overview and Level Annotations

Branches:
Dungeon (6/15)             Temple (0/1) D:5

Altars:
Cheibriados
Elyvilon
Gozag
Hepliaklqana
Kikubaaqudgha
Makhleb
Nemelex Xobeh
Ru
Sif Muna
Uskayaw
Vehumet
Xom

Annotations:
D:6 Eustachio


Innate Abilities, Weirdness & Mutations

Your body is rotting away.
You thrive on raw meat.
You are immune to poison.
You have sharp fingernails.
You are carnivorous and can eat meat at any time.
Your flesh is cold resistant. (rC+)
You are immune to negative energy. (rN+++)
You regenerate slowly when monsters are visible.
You are immune to unholy pain and torment.
You can survive without breathing.


Message History

You completely miss the river rat. You completely miss the shadow imp.
Your chain mail prevents you from hitting the quokka.
The river rat bites you but does no damage.
Eustachio closely misses you.
The quokka bites you but does no damage.
The shadow imp hits you but does no damage.
You hit Eustachio.
Eustachio is moderately wounded.
You hit the quokka. You hit the shadow imp. You hit the river rat.
The river rat bites you but does no damage.
The quokka bites you but does no damage.
Eustachio hits you but does no damage.
You are electrocuted!
* * * LOW HITPOINT WARNING * * *
You hit Eustachio.
Eustachio is heavily wounded.
You barely miss the river rat. You closely miss the crimson imp.
You barely miss the quokka. The quokka barely misses you.
The river rat bites you but does no damage.
Eustachio hits you but does no damage.
You are electrocuted!
You die...

.#####.......## ....
##........ ....
####.....### .....
##.........# .....
###..#.......# ......
###...##.......#
......###...#####.....##
......5r#@### ##...##
......b5@.# ####
.......r.........
#...############# ..# #


You could see Eustachio, a crimson imp, a river rat, a shadow imp, a quokka and
a bat.

Vanquished Creatures
  Grinder (D:3)
  Sigmund (D:3)
  Purgy (Sewer)
  3 ice beasts (D:5)
  A necrophage (D:5)
  Blork the orc (D:4)
  2 bullfrogs (D:6)
  A water moccasin skeleton (D:5)
  4 scorpions
  2 vampire bats (D:4)
  A howler monkey (D:5)
  4 crimson imps
  A hound (D:4)
  Crazy Yiuf (D:3)
  2 orc wizards (D:6)
  2 orc priests (D:5)
  2 centaur skeletons
  3 bullfrog skeletons
  Terence (D:2)
  3 worker ants
  A hound zombie (D:6)
  Robin (D:2)
  4 adders
  6 gnolls
  2 shadow imps
  3 oozes
  An adder skeleton (D:4)
  3 worms
  5 dart slugs
  A leopard gecko (D:2)
  11 orcs
  A ball python (D:1)
  22 bats
  10 giant cockroaches
  17 goblins
  11 hobgoblins
  7 jackals
  7 kobolds
  4 frilled lizards
  A quokka skeleton (D:4)
  12 rats
167 creatures vanquished.

Vanquished Creatures (others)
  A crimson imp (D:6)
1 creature vanquished.

Grand Total: 168 creatures vanquished

Notes
Turn   | Place    | Note
-------+----------+-------------------------------------------
     0 | Abyss:1  | Gargoyl the Ghoul Abyssal Knight began the quest for the Orb.
     0 | Abyss:1  | Reached XP level 1. HP: 19/19 MP: 1/1
    66 | Abyss:2  | Noticed a smoke demon
    77 | D:1      | Escaped the Abyss
   273 | D:1      | Reached skill level 1 in Dodging
   281 | D:1      | Reached XP level 2. HP: 26/26 MP: 2/2
   331 | D:1      | Reached * piety under Lugonu
   443 | D:1      | Reached XP level 3. HP: 28/33 MP: 3/3
  1268 | D:2      | Noticed Robin
  1309 | D:2      | Killed Robin
  1309 | D:2      | Reached XP level 4. HP: 39/40 MP: 4/4
  1499 | D:2      | Reached ** piety under Lugonu
  1668 | D:2      | Noticed Terence
  1700 | D:2      | Killed Terence
  1700 | D:2      | Reached XP level 5. HP: 22/46 MP: 5/5
  2462 | D:3      | Found a deep blue altar of Sif Muna.
  2463 | D:3      | Found a snail-covered altar of Cheibriados.
  2466 | D:3      | Found a sacrificial altar of Ru.
  2467 | D:3      | Found a white marble altar of Elyvilon.
  2535 | D:3      | Found a white marble altar of Elyvilon.
  2624 | D:3      | Found a faded altar of an unknown god.
  2628 | D:3      | Noticed Sigmund
  3175 | D:4      | Reached *** piety under Lugonu
  3175 | D:4      | Reached XP level 6. HP: 34/52 MP: 7/7
  3346 | D:4      | Noticed Blork the orc
  3370 | D:4      | Killed Blork the orc
  3593 | D:4      | Reached skill level 1 in Shields
  3593 | D:4      | Reached XP level 7. HP: 59/59 MP: 8/8
  3998 | D:3      | Noticed Grinder
  4031 | D:3      | Killed Grinder
  4153 | D:3      | Found a runed door.
  4157 | D:3      | Noticed Crazy Yiuf
  4175 | D:3      | Killed Crazy Yiuf
  4244 | D:3      | Found a shimmering altar of Xom.
  4732 | D:3      | Reached XP level 8. HP: 67/67 MP: 10/10
  4795 | D:3      | Killed Sigmund
  4795 | D:3      | Reached skill level 5 in Axes
  4795 | D:3      | Reached skill level 5 in Armour
  4829 | D:5      | Entered Level 5 of the Dungeon
  4832 | D:5      | Found a burning altar of Makhleb.
  4832 | D:5      | Found a shimmering altar of Xom.
  4833 | D:5      | Found an ancient bone altar of Kikubaaqudgha.
  4833 | D:5      | Found a burning altar of Makhleb.
  4841 | D:5      | Found a white marble altar of Elyvilon.
  4843 | D:5      | Found a hide-covered altar of Uskayaw.
  4843 | D:5      | Found a hazy altar of Hepliaklqana.
  4844 | D:5      | Found a sparkling altar of Nemelex Xobeh.
  4844 | D:5      | Found a sacrificial altar of Ru.
  4844 | D:5      | Found a radiant altar of Vehumet.
  4844 | D:5      | Found an opulent altar of Gozag.
  4844 | D:5      | Found a sacrificial altar of Ru.
  4918 | D:5      | Reached skill level 5 in Fighting
  5014 | D:5      | Found a glowing drain.
  5021 | Sewer    | Entered a sewer
  5079 | Sewer    | Noticed Purgy
  5096 | Sewer    | Killed Purgy
  5441 | D:5      | Found a staircase to the Ecumenical Temple.
  5597 | D:5      | Found a burning altar of Makhleb.
  5629 | D:5      | Reached XP level 9. HP: 34/74 MP: 11/11
  5661 | D:5      | Reached **** piety under Lugonu
  5996 | D:6      | Reached skill level 5 in Invocations
  6200 | D:6      | Noticed Eustachio
  6255 | D:6      | Slain by Eustachio

Skill      XL: |  1  2  3  4  5  6  7  8  9 |
---------------+----------------------------+-----
Dodging        | 1 2 |  2.1
Armour         | 2 3 4 5 6 |  6.3
Axes           | 2 3 4 6 |  6.6
Fighting       | 4 5 |  5.8
Invocations    | 3 4 5 |  5.1
Shields        | 1 2 |  2.2

Action                   |  1- 3 |  4- 6 |  7- 9 || total
-------------------------+-------+-------+-------++-------
Melee: Hand axe          |   141 |   292 |   523 ||   956
Invok: Depart the Abyss  |     1 |       |       ||     1
       Banish            |       |       |     2 ||     2
  Use: Scroll            |     3 |     9 |     3 ||    15
       Potion            |     2 |     5 |       ||     7
  Eat: Chunk             |     5 |    24 |    29 ||    58
Armor: Plate armour      |   145 |    48 |       ||   193
       Chain mail        |       |   182 |   446 ||   628
Dodge: Dodged            |    20 |    80 |   196 ||   296
Block: Buckler           |     9 |    24 |    92 ||   125
